 Dungeon Crawl Stone Soup version 0.19.0-2-gae57169 (webtiles) character file.

30 Goblin1989 the Poker (level 3, 0/28 HPs)
             Began as a Merfolk Gladiator on Nov 4, 2016.
             Slain by a goblin (2 damage)
             ... led by Robin
             ... on level 2 of the Dungeon.
             The game lasted 00:04:01 (1115 turns).

Goblin1989 the Poker (Merfolk Gladiator)            Turns: 1115, Time: 00:04:02

Health: 0/28       AC:  6    Str: 15    XL:     3   Next: 20%
Magic:  3/3        EV: 18    Int:  8    God:
Gold:   63         SH:  0    Dex: 19    Spells: 0 memorised, 2 levels left

rFire  . . .     SeeInvis .     a - +0 trident
rCold  . . .     Gourm    .     i - +0 ring mail
rNeg   . . .     Faith    .     (no shield)
rPois  .         Spirit   .     c - +0 helmet
rElec  .         Reflect  .     (no cloak)
rCorr  .         Harm     .     (no gloves)
MR     .....                    (no boots)
Stlth  ++........               n - amulet of magic regeneration
                                (no ring)
                                (no ring)

@: agile
A: change form in water, swift swim, stealthy swim
a: no special abilities


You were on level 2 of the Dungeon.
You were hungry.

You visited 1 branch of the dungeon, and saw 2 of its levels.

You collected 63 gold pieces.

Inventory:

Hand Weapons
 a - a +0 trident (weapon)
Missiles
 Z - 3 throwing nets {=f, !d}
Armour
 c - a +0 helmet (worn)
 i - a +0 ring mail (worn)
Jewellery
 n - an amulet of magic regeneration (around neck)
Scrolls
 d - a scroll of noise {unknown}
 e - a scroll of recharging {unknown}
 j - a scroll of remove curse {unknown}
 q - a scroll of random uselessness {unknown}
 r - a scroll of blinking {unknown}
Potions
 b - a potion of heal wounds {unknown}
 h - a potion of resistance {unknown}
 k - a potion of flight {unknown}
 m - a potion of lignification {unknown}
 o - a potion of ambrosia {unknown}
 p - a potion of cancellation {unknown}
Comestibles
 f - a bread ration {@e1}
 g - a beef jerky


   Skills:
 + Level 2.6 Fighting
 * Level 5.5 Polearms
 - Level 2.0 Throwing
 + Level 4.3 Dodging


You had 2 spell levels left.
You didn't know any spells.

Dungeon Overview and Level Annotations

Branches:
Dungeon (2/15)

Altars:

Annotations:
D:2 Robin


Message History

You take 3 damage, and have 3/28 hp.
You barely miss the goblin. The goblin misses you.
The goblin closely misses you.
Unknown command.
You hit the goblin.
The goblin is almost dead.
The goblin misses you.
Robin's horned helmet rattles.
The goblin hits you but does no damage.
You miss the goblin.
The goblin is almost dead.
The hobgoblin no longer looks unusually strong.
The goblin no longer looks unusually strong. x2
The goblin closely misses you. The goblin hits you but does no damage.
You hit the goblin.
You kill the goblin!
Robin throws the goblin at you!
* * * LOW HITPOINT WARNING * * *
The goblin hits you.
You die... ..█ ................... ..██ ██....█............. ... .....█....█████.█.█ . █ ██████.........█████.█.█ █.█.....).g..........█.█.█ ████

█.█.████gg███....█████.█.█
...█ █.......gg█ █..█.██
█.█.█ ██.█ █.█.█████g█
█..█..████.█.█ █.█ █@█
█.............
█.█████g████.█..███..█.█ .
█................██..█.█ h█
█........███.█.█.██..█.. ...
███████.████..██.............
██.
..................█.█.██.....
.
..█████.████.................
.. █.█ ██.█............██ ...
█.█████.██.██.██.....██


You could see Robin, 2 hobgoblins and 4 goblins.

Vanquished Creatures
  3 dart slugs
  A giant cockroach (D:1)
  5 goblins
  4 hobgoblins
  A quokka (D:2)
  4 bats (D:1)
  3 frilled lizards (D:1)
  4 rats
25 creatures vanquished.

Notes
Turn   | Place    | Note
-------+----------+-------------------------------------------
     0 | D:1      | Goblin1989 the Merfolk Gladiator began the quest for the Orb.
     0 | D:1      | Reached XP level 1. HP: 16/16 MP: 1/1
    82 | D:1      | Reached XP level 2. HP: 17/23 MP: 2/2
   113 | D:1      | Reached skill level 5 in Polearms
   791 | D:2      | Reached XP level 3. HP: 16/28 MP: 3/3
   843 | D:2      | Noticed Robin
  1115 | D:2      | Slain by a goblin

Skill      XL: |  1  2 |
---------------+-------+-----
Polearms       | 5 |  5.5
Fighting       | |  2.6
Throwing       | |  2.0
Dodging        | |  4.3

Action                   || total
-------------------------++-------
Melee: Trident           ||    85
  Use: Potion            ||     1
 Stab: Sleeping          ||     1
Armor: Leather armour    ||     6
       Ring mail         ||    13
Dodge: Dodged            ||    55

Vault maps used:
D:1:      dpeg_arrival_rooms_a
D:2:      uniq_robin
